 Dungeon Crawl Stone Soup version 0.24.0-41-g2ae2f7f1be (webtiles) character file.

Game seed: 7777011496398209472, levelgen mode: deterministic

20394 Heliosone the Nimble (level 12, -6/67 HPs)
             Began as a Spriggan Abyssal Knight on Dec 11, 2019.
             Was an Initiate of Cheibriados.
             Mangled by a blink frog (11 damage)
             ... on level 5 of the Lair of Beasts.
             The game lasted 01:04:41 (24325 turns).

Heliosone the Nimble (Spriggan Abyssal Knight)     Turns: 24325, Time: 01:04:42

Health: -6/67      AC:  7    Str: 12      XL:     12   Next: 45%
Magic:  0/17       EV: 26    Int: 19      God:    Cheibriados [......]
Gold:   337        SH:  0    Dex: 16 (17) Spells: 11/20 levels left

rFire    . . .     SeeInvis +   C - +2 dagger (drain)
rCold    . . .     Gourm    .   (shield restricted)
rNeg     . . .     Faith    .   Y - +2 robe
rPois    .         Spirit   .   (helmet restricted)
rElec    .         Reflect  .   x - +1 cloak
rCorr    .         Harm     .   (gloves unavailable)
MR       ++...     Rnd*Rage +   (boots unavailable)
Stlth    ++++......             R - amulet of the acrobat
HPRegen  0.00/turn              u - +2 ring of protection
MPRegen  0.15/turn              J - +3 ring of strength

@: quick
A: very small, unfitting armour, see invisible, [berserk 1], [deformed body],
deterioration 1, herbivore, speed 3, [low mp 1], [inhibited regeneration], slow
metabolism 2
a: Bend Time, Renounce Religion


You were on level 5 of the Lair of Beasts.
You worshipped Cheibriados.
Cheibriados was noncommittal.
You were hungry.

You visited 3 branches of the dungeon, and saw 17 of its levels.
You visited the Abyss 1 time.

You collected 1162 gold pieces.
You spent 825 gold pieces at shops.

Inventory:

Hand Weapons
 e - a +1 dagger of electrocution
 C - a +2 dagger of draining (weapon)
Missiles
 f - 119 poisoned darts (quivered)
 A - 11 boomerangs
 O - 7 curare-tipped darts
Armour
 x - a +1 cloak (worn)
 Y - a +2 robe (worn)
Jewellery
 a - a +2 ring of intelligence {unknown}
 u - a +2 ring of protection (left hand)
 J - a +3 ring of strength (right hand)
 R - an amulet of the acrobat (around neck)
Wands
 t - a wand of acid (13)
 Q - a wand of disintegration (24)
 S - a wand of iceblast (9)
Scrolls
 g - 3 scrolls of identify
 h - 4 scrolls of fear
 i - a scroll of random uselessness {unknown}
 l - a scroll of summoning {unknown}
 m - 15 scrolls of teleportation
 o - 3 scrolls of fog
 q - a scroll of remove curse
 z - a scroll of enchant armour {unknown}
 D - a scroll of enchant weapon {unknown}
 P - 2 scrolls of vulnerability {unknown}
 U - a scroll of noise {unknown}
 X - 3 scrolls of blinking
Potions
 b - a potion of curing
 d - 4 potions of haste
 j - a potion of cancellation {unknown}
 k - 4 potions of heal wounds
 n - 2 potions of might
 p - a potion of mutation {unknown}
 v - 2 potions of magic {unknown}
 E - 4 potions of flight
 K - 3 potions of berserk rage
 V - a potion of resistance {unknown}
 Z - a potion of lignification {unknown}
Comestibles
 c - 16 rations


   Skills:
 - Level 9.5 Fighting
 - Level 8.1 Short Blades
 - Level 10.2 Dodging
 - Level 9.8 Stealth
 - Level 4.5 Spellcasting
 - Level 6.5 Hexes
 + Level 8.7 Transmutations
 + Level 6.0 Earth Magic
 - Level 7.4 Invocations


You had 11 spell levels left.
You knew the following spells:

 Your Spells              Type           Power        Failure   Level  Hunger
a - Confuse               Hex            ####....     2%          3    ###....
b - Statue Form           Tmut/Erth      ####.....    67%         6    #######

Your spell library contained the following spells:

 Spells                   Type           Power        Failure   Level  Hunger
 Confusing Touch          Hex            ####..       1%          1    None
 Sandblast                Erth           ####..       1%          1    None
 Passwall                 Tmut/Erth      ####....     1%          2    #......
 Tukima's Dance           Hex            ####....     2%          3    ###....
 Petrify                  Tmut/Erth      ####....     6%          4    ####...
 Stone Arrow              Conj/Erth      ###...       12%         3    ###....
 Animate Skeleton         Necr           N/A          13%         1    None
 Apportation              Tloc           #.....       13%         1    None
 Summon Butterflies       Summ           #.......     13%         1    None
 Summon Small Mammal      Summ           #...         13%         1    None
 Yara's Violent Unravell  Hex/Tmut       ####......   16%         5    ######.
 Lee's Rapid Deconstruct  Erth           ####......   30%         5    ######.
 Call Canine Familiar     Summ           #.......     36%         3    ###....
 Gell's Gravitas          Tloc           #.........   36%         3    ###....
 Lesser Beckoning         Tloc           #.........   36%         3    ###....
 Hydra Form               Tmut           #####.....   50%         6    #######
 Alistair's Intoxication  Tmut/Pois      ###.....     52%         5    ######.
 Irradiate                Conj/Tmut      ###.......   52%         5    ######.
 Metabolic Englaciation   Hex/Ice        ###.......   67%         5    ######.
 Summon Mana Viper        Hex/Summ       ###.....     67%         5    ######.
 Summon Ice Beast         Ice/Summ       #.......     78%         4    ####...
 Invisibility             Hex            ####....     80%         6    #######
 Dragon Form              Tmut           #####.....   97%         7    #######
 Summon Hydra             Summ           #.........   100%        7    #######


Dungeon Overview and Level Annotations

Branches:
Dungeon (11/15)            Temple (1/1) D:6            Lair (5/6) D:11
  Swamp (0/4) Lair:3
  Snake: Lair:2-4    Spider: Lair:2-4     Slime: Lair:5-6       Orc: D:9-12

Altars:
Ashenzari
Cheibriados
Dithmenos
Elyvilon
Fedhas
Gozag
Hepliaklqana
Makhleb
Nemelex Xobeh
Okawaru
Sif Muna
Trog
Uskayaw
Vehumet
Wu Jian
Xom
Yredelemnul

Shops:
D:11 :

Annotations:
D:7 exclusion: killer bee
Lair:3 3 runed translucent doors, exclusion: swamp worm, demivan's ghost, journeyman MiFi


Innate Abilities, Weirdness & Mutations

You are very small and have problems with some larger weapons.
You are too small for most types of armour.
You have supernaturally acute eyesight. (SInv)
You are a herbivore.
You cover ground extremely quickly.
You need to consume almost no food.
Your body sometimes deteriorates upon taking damage.
[You tend to lose your temper in combat.]
[Armour fits poorly on your strangely shaped body.]
[Your magical capacity is low. (-10% MP)]
[You do not regenerate when monsters are visible.]


Message History

The blink frog barely misses you.
Evoke which item? (* to show all) (? for menu, Esc to quit)
Aiming: Disintegrate
Press: ? - help, Shift-Dir - straight line, f/p - blink frog
Aim: a blink frog (chance to defeat MR: 48%)
The blink frog is blasted!
The blink frog hits you!
* * * LOW HITPOINT WARNING * * *
Evoke which item? (* to show all) (? for menu, Esc to quit)
Aiming: Disintegrate
Press: ? - help, Shift-Dir - straight line, f/p - blink frog
Aim: a blink frog (moderately wounded, chance to defeat MR: 48%)
The blink frog resists with some effort.
The blink frog closely misses you.
Evoke which item? (* to show all) (? for menu, Esc to quit)
Aiming: Disintegrate
Press: ? - help, Shift-Dir - straight line, f/p - blink frog
Aim: a blink frog (moderately wounded, chance to defeat MR: 48%)
The blink frog resists with some effort.
The blink frog completely misses you. The blink frog hits you!
You die...

....## #.........#######..######
.....# ##.+###.#.## ##....###
P...# ##..#.##.P# #.......#
P...## #.......### ####P..##
..#..## ##....P.#### ###..#....#
...<..####..........###.........#
F........+...........#...........
......#.P.......<......P.........
......+.#......F@...#............
........##.....†.....#.P........#
......P###..........###.......>..
##.+#..# ###..##..#P# ###......P#
###.#..# #...###### ##...####
.#### ##..>. ##..# # ##... .. .
..


You could see a blink frog.

Vanquished Creatures
  Josephine (D:11)
  A hydra (Lair:3)
  2 two-headed ogres (D:11)
  An unseen horror (D:11)
  A wolf spider (D:10)
  A manticore (D:11)
  A centaur zombie (D:11)
  A cyclops (D:10)
  Maurice (D:8)
  A gargoyle (D:11)
  A rime drake (Lair:3)
  5 komodo dragons
  2 spiny frogs
  2 kobold demonologists (D:9)
  A troll (D:10)
  7 blink frogs
  3 hippogriffs
  A shadow (D:11)
  3 wraiths (D:11)
  6 yaks
  A human (D:7)
  A hungry ghost (D:6)
  4 hogs (D:7)
  8 water moccasins
  11 porcupines
  2 phantoms
  2 ice beasts
  3 orc warriors (D:10)
  2 sky beasts (D:8)
  2 black bears (D:11)
  An eye of draining (D:8)
  6 wolves
  2 ogres
  6 centaurs
  9 crocodiles
  A big kobold (D:11)
  13 bullfrogs
  A gnoll sergeant (D:4)
  A wyvern skeleton (D:9)
  A scorpion (D:11)
  5 killer bees (D:10)
  A howler monkey (D:4)
  3 crimson imps
  2 jellies
  A quasit (D:9)
  A bullfrog skeleton (D:10)
  9 hounds
  5 orc priests (D:10)
  7 orc wizards
  2 centaur skeletons
  4 iguanas
  8 worker ants
  A hound zombie (D:7)
  A hound skeleton (D:4)
  2 worker ant zombies
  6 gnolls
  12 adders
  5 shadow imps
  2 oozes
  An adder zombie (D:7)
  2 adder skeletons
  2 worms (D:4)
  2 dart slugs
  3 leopard geckos
  35 orcs
  4 giant cockroaches
  14 goblins
  11 hobgoblins
  12 jackals
  14 kobolds
  4 quokkas
  2 ball pythons (D:2)
  6 bats
  7 frilled lizards
  A jackal skeleton (D:4)
  2 jackal zombies
  A quokka zombie (D:5)
  10 rats
  A plant (Lair:3)
330 creatures vanquished.

Vanquished Creatures (others)
  A deep elf knight (D:10)
  4 bushes (Lair:5)
  48 fungi
  18 plants (D:11)
  4 starspawn tentacles (Lair:4)
75 creatures vanquished.

Grand Total: 405 creatures vanquished

Notes
Turn   | Place    | Note
-------+----------+-------------------------------------------
     0 | Abyss:1  | Heliosone the Spriggan Abyssal Knight began the quest for
                  | the Orb.
     0 | Abyss:1  | Reached XP level 1. HP: 11/11 MP: 3/3
    19 | D:1      | Escaped the Abyss
    77 | D:1      | Reached skill level 1 in Stealth
   319 | D:1      | Reached XP level 2. HP: 8/16 MP: 4/4
  1162 | D:2      | Reached ** piety under Lugonu
  1162 | D:2      | Reached XP level 3. HP: 19/19 MP: 5/5
  1320 | D:2      | Reached skill level 5 in Stealth
  1321 | D:2      | Found a hide-covered altar of Uskayaw.
  1753 | D:2      | Reached XP level 4. HP: 23/23 MP: 6/6
  2850 | D:3      | Found a faded altar of an unknown god.
  3711 | D:3      | Reached XP level 5. HP: 27/27 MP: 7/7
  3814 | D:3      | Reached *** piety under Lugonu
  4279 | D:4      | Found an iron altar of Okawaru.
  4583 | D:4      | Reached skill level 4 in Dodging
  4703 | D:4      | Reached XP level 6. HP: 17/32 MP: 8/8
  5723 | D:4      | Reached skill level 5 in Dodging
  6391 | D:5      | Entered Level 5 of the Dungeon
  6542 | D:5      | Found a radiant altar of Vehumet.
  6542 | D:5      | Found a blossoming altar of Fedhas.
  6812 | D:5      | Reached XP level 7. HP: 15/36 MP: 9/9
  7630 | D:6      | Found a staircase to the Ecumenical Temple.
  7655 | D:5      | Reached skill level 6 in Dodging
  8481 | D:6      | Noticed a hungry ghost
  8551 | D:6      | Killed a hungry ghost
  8551 | D:6      | Reached skill level 5 in Short Blades
  8905 | D:6      | Found a radiant altar of Vehumet.
  9253 | D:6      | Reached **** piety under Lugonu
  9253 | D:6      | Reached XP level 8. HP: 42/42 MP: 10/10
  9406 | D:6      | Learned a level 3 spell: Confuse
 10460 | D:7      | Reached skill level 5 in Fighting
 10855 | D:8      | Reached skill level 7 in Dodging
 10855 | D:8      | Reached XP level 9. HP: 47/47 MP: 16/16
 11093 | D:8      | Found an iron altar of Okawaru.
 11472 | D:8      | Noticed Maurice
 11476 | D:8      | Killed Maurice
 11476 | D:8      | Reached skill level 8 in Dodging
 12147 | D:9      | Noticed a kobold demonologist
 12147 | D:9      | Noticed a kobold demonologist
 12150 | D:9      | Killed a kobold demonologist
 12150 | D:9      | Reached skill level 9 in Dodging
 12161 | D:9      | Killed a kobold demonologist
 12434 | D:9      | Found an opulent altar of Gozag.
 12645 | D:9      | Reached XP level 10. HP: 53/53 MP: 13/17
 12849 | D:9      | Reached skill level 10 in Dodging
 13087 | D:10     | Entered Level 10 of the Dungeon
 13855 | D:10     | Reached ***** piety under Lugonu
 14225 | D:10     | Noticed a wolf spider
 14226 | D:10     | Noticed an ogre mage
 14251 | D:10     | Noticed a cyclops
 14270 | D:10     | Killed a wolf spider
 14532 | D:10     | Reached skill level 5 in Invocations
 15626 | D:10     | Identified the +7 scythe "Gompoqet" {slice, rC+}
 16059 | D:10     | Noticed a deep elf knight
 16070 | D:10     | Banished a deep elf knight
 16299 | D:10     | Killed a cyclops
 16299 | D:10     | Reached XP level 11. HP: 60/60 MP: 12/18
 16351 | D:11     | Noticed an unseen horror
 16365 | D:11     | Killed an unseen horror
 16476 | D:11     | Noticed a two-headed ogre
 16495 | D:11     | Killed a two-headed ogre
 16544 | D:11     | Noticed Josephine
 17330 | D:11     | Reached skill level 5 in Hexes
 17385 | D:11     | Found a staircase to the Lair.
 18028 | D:11     | Noticed a two-headed ogre
 18035 | D:11     | Killed a two-headed ogre
 18065 | D:11     | Killed Josephine
 18350 | D:11     | Found Juwaxuro's Book Shop.
 18381 | D:11     | Bought a book of Transfigurations for 825 gold pieces
 18388 | D:11     | Learned a level 6 spell: Statue Form
 18639 | Lair:1   | Entered Level 1 of the Lair of Beasts
 18703 | Lair:1   | Reached skill level 1 in Transmutations
 18951 | Lair:1   | Reached skill level 1 in Earth Magic
 20322 | D:11     | Reached skill level 5 in Transmutations
 20697 | D:11     | Reached XP level 12. HP: 67/67 MP: 12/19
 22482 | Lair:2   | Reached skill level 5 in Earth Magic
 22880 | Temple   | Entered the Ecumenical Temple
 22911 | Temple   | Fell from the grace of Lugonu
 22911 | Temple   | Became a worshipper of Cheibriados the Contemplative
 23218 | Lair:3   | Found a runed translucent gate.
 23219 | Lair:3   | Found a runed translucent gate.
 23220 | Lair:3   | Found a runed translucent gate.
 23241 | Lair:3   | Noticed demivan's ghost (journeyman MiFi)
 23273 | Lair:3   | Noticed a five-headed hydra
 23309 | Lair:3   | Killed a five-headed hydra
 23422 | Lair:3   | Found a staircase to the Swamp.
 23861 | Lair:4   | Noticed a tentacled starspawn
 23948 | Lair:5   | Gained mutation: Your body sometimes deteriorates upon
                  | taking damage. [mutagenic glow]
 24325 | Lair:5   | Mangled by a blink frog

Levels and vault maps discovered:
D:1:      mrwooster_arrival_statue, layout_loops_ring, minmay_misc_feat_roman
D:2:      layout_loops_ring, old_standard_altar, minmay_cupped
D:3:      layout_basic, chequers_ecumenical_altar_simple
D:4:      layout_layer_cave, first_ration, serial_bayou_pond_c,
          kennysheep_okawaru_gauntlet
D:5:      layout_basic, gammafunk_temple_overflow_statue
D:6:      layout_rooms, minmay_temple_entry_tees, vehumet_altar_wand_db
D:7:      layout_loops_cross, grunt_livestock, minivault_10, uniq_duvessa
D:8:      layout_cave_pools, basic_altar, uniq_maurice
D:9:      layout_cross, nicolae_gozag_seed_capital, minmay_between
D:10:     minmay_goldmine, layout_stronghold, minmay_diamond_spiral
D:11:     layout_gridville, due_lair_maze_entry_diamond, orc_0_dummy,
          serial_shops, shop, uniq_josephine
Temple:   hc_temple_tempest_star
Lair:1:   layout_cave_pods, beast_lair_carwin_4
Lair:2:   layout_chaotic_city
Lair:3:   layout_roguey, minmay_swamp_entry_worms, gammafunk_ghost_necromancy
Lair:4:   layout_regular_city, spider_nest_entry_webs, serial_bayou_shore_b
Lair:5:   layout_roguey, portal_ice_cave_entry_imps, minmay_hedge_maze,
          grunt_megastairs_3

Skill      XL: |  1  2  3  4  5  6  7  8  9 10 11 12 |
---------------+-------------------------------------+-----
Stealth        | 2 4 5 7 9 |  9.8
Dodging        | 4 5 6 7 9 10 | 10.2
Fighting       | 3 4 5 6 8 9 |  9.5
Short Blades   | 3 4 5 6 8 |  8.1
Spellcasting   | 4 |  4.5
Hexes          | 4 6 |  6.5
Invocations    | 2 6 7 |  7.4
Transmutations | 5 8 |  8.7
Earth Magic    | 3 6 |  6.0

Action                   |  1- 3 |  4- 6 |  7- 9 | 10-12 || total
-------------------------+-------+-------+-------+-------++-------
Melee: Short sword       |    43 |   159 |       |       ||   202
       Rapier            |       |    55 |   109 |       ||   164
       Dagger            |       |       |   296 |   984 ||  1280
Throw: Dart              |   105 |   195 |    55 |    20 ||   375
 Cast: Confuse           |       |       |    19 |   124 ||   143
Invok: Bend Space        |       |     1 |       |       ||     1
       Banish            |       |       |       |     1 ||     1
       Bend Time         |       |       |       |     1 ||     1
Evoke: Wand              |       |       |     5 |     4 ||     9
  Use: Scroll            |       |       |     5 |    10 ||    15
       Potion            |       |       |     1 |     1 ||     2
 Stab: Sleeping          |     1 |     7 |    18 |    23 ||    49
       Distracted        |       |       |     1 |     2 ||     3
       Confused          |       |       |     5 |    58 ||    63
  Eat: Ration            |       |     1 |     5 |    12 ||    18
Armor: Robe              |     3 |    18 |    32 |    57 ||   110
Dodge: Dodged            |    51 |   200 |   291 |   699 ||  1241
